 Dungeon Crawl Stone Soup version 0.24.1 (webtiles) character file.

Game seed: 12586110394531344520, levelgen mode: deterministic

510169 Peloso the Hoplite (level 23, -1/227 HPs)
             Began as a Minotaur Fighter on Mar 28, 2020.
             Was the Champion of Okawaru.
             Slain by a stone giant skeleton (15 damage)
             ... on level 3 of the Crypt.
             The game lasted 03:16:36 (55879 turns).

Peloso the Hoplite (Minotaur Fighter)              Turns: 55879, Time: 03:16:36

Health: -1/227     AC: 34    Str: 46    XL:     23   Next: 91%
Magic:  0/24       EV: 15    Int: 14    God:    Okawaru [******]
Gold:   3657       SH: 14    Dex: 15    Spells: 22/22 levels left

rFire    x . .     SeeInvis +   X - +10 falchion of Jepitan {holy, Int+4 SInv}
rCold    + + +     Gourm    .   c - +3 warlock's mirror {reflect}
rNeg     + + .     Faith    .   S - +4 plate armour of Loss {rF- rC++ Dex+3}
rPois    .         Spirit   +   O - +0 hat of the Marlin {rN+ Str+4}
rElec    +         Reflect  +   w - +1 cloak "Wuvog" {Str+3 Dex+3}
rCorr    .         Harm     .   E - +2 pair of gloves of Yredelemnul's Hatred {+Fly rC+ rN+}
MR       ++...                  U - +2 pair of boots {Fly}
Stlth    ..........             t - amulet of guardian spirit
HPRegen  0.47/turn              Q - ring of Pito {Wiz rElec Str+9 Dex-2 Stlth+}
MPRegen  0.19/turn              L - ring "Jeopu" {+Fly rElec MR+ Int+5}

@: flying
A: retaliatory headbutt, horns 2
}: 3/15 runes: barnacled, silver, gossamer
a: Heroism, Finesse, Renounce Religion, Stop Flying


You were on level 3 of the Crypt.
You worshipped Okawaru.
Okawaru was exalted by your worship.
You were not hungry.

You visited 8 branches of the dungeon, and saw 42 of its levels.
You visited the Abyss 1 time.
You visited 2 bazaars.

You collected 5630 gold pieces.
You spent 1973 gold pieces at shops.

Inventory:

Hand Weapons
 a - the +7 Singing Sword {slice, sonic wave}
   (You found it on level 6 of the Dungeon)

   It inflicts extra damage upon your enemies.
 r - the +1 scythe "Tadezuz" {slice, +Blink rC+, unknown}
   (You found it on level 2 of the Crypt)

   It inflicts extra damage upon your enemies.
   It protects you from cold.
   It lets you blink.
 X - the +10 falchion of Jepitan (weapon) {holy, Int+4 SInv}
   (You took it off a deep elf demonologist on level 3 of the Elven Halls)

   It has been blessed by the Shining One to cause great damage to the undead
   and demons.
   It affects your intelligence (+4).
   It lets you see invisible.
Armour
 c - the +3 warlock's mirror (worn) {reflect}
   (You found it on level 2 of the Spider Nest)
 w - the +1 cloak "Wuvog" (worn) {Str+3 Dex+3}
   (Okawaru gifted it to you on level 5 of the Vaults)

   It affects your strength (+3).
   It affects your dexterity (+3).
 E - the +2 pair of gloves of Yredelemnul's Hatred (worn) {+Fly rC+ rN+}
   (You found it on level 3 of the Elven Halls)

   It protects you from cold.
   It protects you from negative energy.
   It lets you fly.
 G - a +2 hat of magic resistance
 O - the +0 hat of the Marlin (worn) {rN+ Str+4}
   (Okawaru gifted it to you on level 11 of the Dungeon)

   It affects your strength (+4).
   It protects you from negative energy.
 S - the +4 plate armour of Loss (worn) {rF- rC++ Dex+3}
   (You took it off a merfolk on level 4 of the Shoals)

   It affects your dexterity (+3).
   It makes you vulnerable to fire.
   It greatly protects you from cold.
 U - a +2 pair of boots of flying (worn)
Jewellery
 h - a cursed -5 ring of strength
 i - an uncursed ring of see invisible
 p - a cursed ring of protection from magic
 t - an amulet of guardian spirit (around neck)
 H - the ring of the Will of the Gods {Ice rN+++ Str-3}
   (You found it on level 5 of the Vaults)

   [ring of ice]

   It enhances your ice magic.
   It affects your strength (-3).
   It makes you vulnerable to fire.
   It protects you from cold.
   It renders you almost immune to negative energy.
 L - the ring "Jeopu" (right hand) {+Fly rElec MR+ Int+5}
   (You found it on level 1 of the Vaults)

   [ring of intelligence]

   It affects your intelligence (+5).
   It insulates you from electricity.
   It affects your resistance to hostile enchantments.
   It lets you fly.
 M - the ring of Siose {rCorr Str+2}
   (You found it on level 5 of the Vaults)

   [ring of resist corrosion]

   It affects your strength (+2).
   It provides partial protection from all sources of acid and corrosion.
 Q - the ring of Pito (left hand) {Wiz rElec Str+9 Dex-2 Stlth+}
   (You found it on level 3 of the Spider Nest)

   [ring of wizardry]

   It improves your spell success rate.
   It affects your strength (+9).
   It affects your dexterity (-2).
   It insulates you from electricity.
   It makes you more stealthy.
 V - the ring of Propriety {+Fly rPois rC+}
   (You bought it in a shop in a bazaar)

   [ring of flight]

   It protects you from cold.
   It protects you from poison.
   It lets you fly.
Wands
 j - a wand of disintegration (12)
 k - a wand of flame (13)
 y - a wand of digging (15)
Scrolls
 d - 4 scrolls of enchant armour
 e - 8 scrolls of magic mapping
 n - a scroll of amnesia
 v - 15 scrolls of teleportation
 C - 20 scrolls of remove curse
 J - 2 scrolls of blinking
 P - 3 scrolls of noise
 W - 25 scrolls of identify
Potions
 b - a potion of magic
 g - 4 potions of agility
 l - 10 potions of haste
 m - 2 potions of heal wounds
 o - 16 potions of curing
 q - 2 potions of invisibility
 z - 5 potions of resistance
 A - 10 potions of might
 K - 9 potions of berserk rage
Comestibles
 f - 67 rations


   Skills:
 + Level 23.2 Fighting
 + Level 23.8 Long Blades
 + Level 21.1 Armour
 + Level 8.5 Dodging
 + Level 4.0 Stealth
 + Level 26.2 Shields
 + Level 2.8 Invocations
 + Level 2.1 Evocations


You had 22 spell levels left.
You didn't know any spells.
Your spell library contained the following spells:

 Spells                   Type           Power        Failure   Level  Hunger
 Apportation              Tloc           #.....       26%         1    ##.....
 Confusing Touch          Hex            #.....       26%         1    ##.....
 Flame Tongue             Conj/Fire      #....        26%         1    ##.....
 Infusion                 Chrm           #...         26%         1    ##.....
 Magic Dart               Conj           #...         26%         1    ##.....
 Sandblast                Erth           #.....       26%         1    ##.....
 Shock                    Conj/Air       #...         26%         1    ##.....
 Sting                    Conj/Pois      #...         26%         1    ##.....
 Summon Butterflies       Summ           #.......     26%         1    ##.....
 Blink                    Tloc           N/A          38%         2    ###....
 Call Imp                 Summ           #.......     38%         2    ###....
 Corpse Rot               Necr           N/A          38%         2    ###....
 Passwall                 Tmut/Erth      #.......     38%         2    ###....
 Poisonous Vapours        Pois/Air       #.....       38%         2    ###....
 Shroud of Golubria       Chrm/Tloc      #.....       38%         2    ###....
 Slow                     Hex            #.......     38%         2    ###....
 Song of Slaying          Chrm           #.......     38%         2    ###....
 Swiftness                Chrm/Air       #.......     38%         2    ###....
 Throw Flame              Conj/Fire      #.....       38%         2    ###....
 Call Canine Familiar     Summ           #.......     61%         3    ####...
 Confuse                  Hex            #.......     61%         3    ####...
 Conjure Flame            Conj/Fire      #.......     61%         3    ####...
 Gell's Gravitas          Tloc           #.........   61%         3    ####...
 Inner Flame              Hex/Fire       #.......     61%         3    ####...
 Lesser Beckoning         Tloc           #.........   61%         3    ####...
 Mephitic Cloud           Conj/Pois/Air  #.......     61%         3    ####...
 Ozocubu's Armour         Chrm/Ice       #.......     61%         3    ####...
 Recall                   Summ/Tloc      N/A          61%         3    ####...
 Regeneration             Chrm/Necr      #.........   61%         3    ####...
 Spectral Weapon          Hex/Chrm       #.......     61%         3    ####...
 Static Discharge         Conj/Air       #.......     61%         3    ####...
 Stone Arrow              Conj/Erth      #.....       61%         3    ####...
 Teleport Other           Tloc           #.......     61%         3    ####...
 Tukima's Dance           Hex            #.......     61%         3    ####...
 Airstrike                Air            #.........   93%         4    #####..
 Animate Dead             Necr           N/A          93%         4    #####..
 Cause Fear               Hex            #.........   93%         4    #####..
 Leda's Liquefaction      Hex/Erth       #.........   93%         4    #####..
 Olgreb's Toxic Radiance  Pois           #.......     93%         4    #####..
 Petrify                  Tmut/Erth      #.......     93%         4    #####..
 Sticky Flame             Conj/Fire      #.......     93%         4    #####..
 Summon Ice Beast         Ice/Summ       #.......     93%         4    #####..
 Summon Lightning Spire   Summ/Air       #.......     93%         4    #####..
 Alistair's Intoxication  Tmut/Pois      #.......     99%         5    ######.
 Aura of Abjuration       Summ           #.........   99%         5    ######.
 Borgnjor's Vile Clutch   Necr/Erth      #.........   99%         5    ######.
 Fireball                 Conj/Fire      #.........   99%         5    ######.
 Irradiate                Conj/Tmut      #.........   99%         5    ######.
 Lee's Rapid Deconstruct  Erth           #.........   99%         5    ######.
 Lightning Bolt           Conj/Air       #.........   99%         5    ######.
 Metabolic Englaciation   Hex/Ice        #.........   99%         5    ######.
 Silence                  Hex/Air        #.........   99%         5    ######.
 Summon Demon             Summ           #.........   99%         5    ######.
 Summon Forest            Summ/Tloc      #.........   99%         5    ######.
 Summon Mana Viper        Hex/Summ       #.......     99%         5    ######.
 Venom Bolt               Conj/Pois      #.........   99%         5    ######.
 Yara's Violent Unravell  Hex/Tmut       #.........   99%         5    ######.
 Bolt of Fire             Conj/Fire      #.........   100%        6    #######
 Conjure Ball Lightning   Conj/Air       #.........   100%        6    #######
 Death Channel            Necr           #.........   100%        6    #######
 Deflect Missiles         Chrm/Air       #.........   100%        6    #######
 Hydra Form               Tmut           #.........   100%        6    #######
 Invisibility             Hex            #.......     100%        6    #######
 Shadow Creatures         Summ           N/A          100%        6    #######
 Simulacrum               Ice/Necr       #.........   100%        6    #######
 Statue Form              Tmut/Erth      #........    100%        6    #######
 Dragon Form              Tmut           #.........   100%        7    #######
 Ring of Flames           Chrm/Fire      #.........   100%        7    #######
 Summon Hydra             Summ           #.........   100%        7    #######
 Disjunction              Tloc           #.........   100%        8    #######
 Dragon's Call            Summ           #.........   100%        9    #######
 Tornado                  Air            #.........   100%        9    #######


Dungeon Overview and Level Annotations

Branches:
Dungeon (15/15)            Temple (0/1) D:7            Lair (6/6) D:9
 Shoals (4/4) Lair:2       Spider (4/4) Lair:4        Slime (0/5) Lair:5
    Orc (2/2) D:9             Elf (3/3) Orc:2        Vaults (5/5) D:14
  Crypt (3/3) Vaults:3       Tomb (0/3) Crypt:3      Depths (0/5) D:15

Altars:
Ashenzari
Dithmenos
Fedhas
Kikubaaqudgha
Makhleb
Nemelex Xobeh
Okawaru
Sif Muna
Vehumet
Wu Jian
Xom
Yredelemnul
The Shining One
Jiyva

Shops:
D:6 (   D:9 [   D:13 :   Orc:2 !}((   Shoals:1 *   Vaults:2 ?*!

Annotations:
Vaults:2 1 runed translucent door, mys's ghost, master CeGl


Innate Abilities, Weirdness & Mutations

You reflexively headbutt those who attack you in melee.
You have a pair of horns on your head.


Message History

You block the ancient champion's attack.
Unknown command.
You hit the ancient champion.
The ancient champion convulses.
Your headbutt misses the ancient champion.
The ancient champion is heavily damaged.
The stone giant skeleton hits you but does no damage.
Unknown command.
You slice the ancient champion!!
The ancient champion convulses!
You destroy the ancient champion!
Okawaru accepts your kill.
Unknown command.
You hit the stone giant skeleton but do no damage.
You headbutt the stone giant skeleton.
The stone giant skeleton is lightly damaged.
Unknown command.
You slice the stone giant skeleton!!
The stone giant skeleton convulses!!
You headbutt the stone giant skeleton, but do no damage.
The stone giant skeleton is moderately damaged.
The stone giant skeleton hits you!
You die...

##.####..##...#≈,,,,,,,,,,,,,≈*,,
*#.#,*#..##...#**,,,,,,,,,,,***,,
**,*.##..##...#,*,,8,***,8,,*,*,,
,,,,..........#,*,,,,,,,,,,,*,*,,
****.##..##...##****#+++###****,,
****,*#.(......#*,,,...Z.W.,**,,,
,....##........##,,,.z..z..,**,,,
*#..............###,Z...W.#**,,,,
#...........##.@)##'''''##,,,,,,
*#............##.Z.........,,,,*,
,,.........................,,,,*,
,,,}........#.##..###......,,,,,,
***#.#...##.#.##..# *.##...,,,,*,
#.#...##V#.##..# *,#*,#.**,,*,
#.#.).##.#.##..###.##.#,..,,,,
#.#.)......##.....,,...,.,,,,,
####.#...##.#.##..####*#.#.#*,,**


You could see a stone giant skeleton.

Vanquished Creatures
  Mara (Shoals:3)
  Bai Suzhen (Shoals:3)
  A curse toe (Crypt:3)
  Nikola (Shoals:1)
  3 golden dragons (Vaults:5)
  2 tentacled monstrosities
  2 deep elf blademasters
  A shard shrike skeleton (Crypt:1)
  A quicksilver dragon (Vaults:5)
  A deep elf master archer (Elf:3)
  2 titans
  3 sphinxes (Vaults:5)
  Agnes (D:14)
  A shadow dragon (Vaults:4)
  4 revenants
  4 ancient champions
  4 storm dragons
  5 tengu reavers
  Frances (D:14)
  Ilsuiw (Shoals:4)
  A fire giant (Vaults:5)
  4 deep elf sorcerers
  3 frost giants
  An iron dragon (Vaults:5)
  3 ghost moths
  An orc warlord (Vaults:5)
  8 emperor scorpions (Spider:4)
  9 ghouls
  4 curse skulls
  Aizul (Shoals:3)
  17 vault wardens
  Louise (Elf:2)
  6 deep elf elementalists
  2 reapers
  13 ironheart preservers
  14 stone giants
  5 entropy weavers
  2 very ugly things
  2 war gargoyles (Vaults:5)
  7 vampire knights
  4 deep elf demonologists
  Azrael (Elf:1)
  A spark wasp (Spider:4)
  14 deep elf annihilators
  3 merfolk javelineers (Shoals:4)
  11 deep elf death magi
  5 eidola
  7 ettins
  8 fire dragons
  5 merfolk impalers
  15 ogre magi
  6 yaktaur captains
  10 jiangshi
  31 vault guards
  A rakshasa (Vaults:2)
  3 ice dragons
  3 deep elf high priests
  10 hydras
  2 merfolk avatars
  10 centaur warriors
  7 death knights
  55 two-headed ogres
  2 alligator snapping turtles
  8 merfolk aquamancers
  24 dancing weapons
  2 satyrs (Shoals:3)
  A titan zombie (Crypt:2)
  A deep troll shaman (Vaults:1)
  2 tengu warriors
  3 vampire magi
  5 hell knights (Vaults:5)
  An orc high priest (Orc:1)
  2 soul eaters
  A wretched star (Abyss:2)
  25 deep elf knights
  A spark wasp zombie (Crypt:2)
  3 shadow wraiths
  17 skeletal warriors
  3 unseen horrors
  2 ghost moth zombies (Crypt:1)
  6 flayed ghosts
  An unseen horror (shapeshifter) (Vaults:3)
  A swamp dragon (shapeshifter) (Vaults:4)
  A glowing orange brain (Vaults:3)
  19 sea snakes
  A swamp dragon (Lair:6)
  21 deep elf archers
  3 deep trolls (Vaults:1)
  13 phantasmal warriors
  5 wizards
  8 ironbrand convokers
  A golden dragon skeleton (Crypt:1)
  2 harpies (shapeshifter)
  18 harpies
  3 necromancers
  14 orc knights
  An oklob plant (Lair:2)
  An orb spider (shapeshifter) (Vaults:1)
  20 orb spiders
  36 wolf spiders
  81 deep elf magi
  4 orc sorcerers
  A frost giant zombie (Vaults:3)
  A sphinx skeleton (Crypt:1)
  11 fauns
  A worldbinder (Abyss:2)
  38 ugly things
  12 cyclopes
  15 manticores
  Maurice (D:9)
  A salamander (shapeshifter) (Vaults:2)
  A guardian serpent (Abyss:2)
  3 black mambas
  9 merfolk sirens
  2 frost giant skeletons
  2 moths of wrath (Spider:4)
  3 water nymphs
  2 torpor snails
  21 vault sentinels
  A centaur skeleton (D:13)
  A gargoyle (D:13)
  An orange demon (Abyss:2)
  A rime drake (shapeshifter) (Vaults:5)
  10 spiny frogs
  A shock serpent skeleton (Crypt:1)
  9 freezing wraiths
  2 komodo dragons (shapeshifter)
  2 efreet
  17 demonic crawlers
  8 komodo dragons
  A purple draconian skeleton (Crypt:3)
  26 yaktaurs
  A queen ant zombie (Crypt:2)
  A red draconian skeleton (Crypt:1)
  A meliai (shapeshifter) (Vaults:2)
  A tengu conjurer (D:14)
  A death yak skeleton (Crypt:1)
  37 jumping spiders
  A troll (shapeshifter) (Vaults:2)
  12 trolls
  34 merfolk
  13 hornets
  3 wind drakes
  A tengu simulacrum (Vaults:3)
  Grinder (D:3)
  5 blink frogs (Lair:3)
  18 snapping turtles
  33 slime creatures
  A meliai zombie (D:13)
  10 hippogriffs
  2 bog bodies (Crypt:2)
  13 dream sheep
  An ettin skeleton (Abyss:2)
  2 spriggans (shapeshifter)
  3 flying skulls (Crypt:2)
  2 wyverns
  A ynoxinul (Abyss:2)
  16 water elementals
  2 air elementals (Elf:2)
  3 shadows
  38 tarantellas
  A satyr skeleton (Crypt:1)
  18 humans (D:14)
  79 redbacks
  4 basilisks
  43 yaks
  11 wraiths
  6 fire elementals
  2 hungry ghosts (D:12)
  3 steam dragons (Lair:6)
  5 vampire mosquitoes (D:12)
  A hog (shapeshifter) (Vaults:1)
  2 large abominations
  A naga (Abyss:2)
  An acid dragon (Lair:6)
  4 wargs
  A floating eye (shapeshifter) (Elf:2)
  7 porcupines
  7 hell hounds
  10 water moccasins
  41 orc warriors
  A torturous demonspawn skeleton (Crypt:1)
  A faun skeleton (Crypt:1)
  2 phantoms
  9 ice beasts
  A water nymph skeleton (Crypt:3)
  2 sky beasts
  3 swamp drakes (Lair:6)
  A black bear (D:6)
  4 human zombies
  46 ogres
  The ghost of kandel6 the Skirmisher, an amateur DgWn (D:6)
  2 necrophages
  36 centaurs
  4 boggarts (Vaults:2)
  4 wolves
  12 crocodiles
  A blink frog skeleton (Crypt:2)
  4 big kobolds
  18 bullfrogs
  A gnoll sergeant (D:8)
  An earth elemental (Elf:3)
  2 wyvern skeletons
  A water moccasin skeleton (D:12)
  6 killer bees (D:7)
  7 scorpions
  A troll zombie (Crypt:2)
  A human simulacrum (Vaults:1)
  A polar bear skeleton (Crypt:2)
  A troll skeleton (Crypt:1)
  15 wights
  2 electric eels
  10 crimson imps
  2 howler monkeys
  8 quasits
  2 bullfrog zombies
  2 centaur zombies
  3 bullfrog skeletons
  5 jellies
  11 hounds
  32 orc priests
  Crazy Yiuf (D:3)
  38 orc wizards
  An iron imp (Abyss:2)
  7 iguanas
  14 worker ants
  An ogre zombie (Crypt:2)
  A centaur simulacrum (D:10)
  A sky beast zombie (Crypt:2)
  A felid skeleton (Crypt:2)
  A hound zombie (D:3)
  A hound skeleton (D:6)
  A mummy (Crypt:2)
  Robin (D:2)
  2 howler monkey zombies (D:11)
  7 gnolls
  18 adders
  6 shadow imps
  A white imp (Abyss:2)
  3 oozes
  2 adder skeletons (D:4)
  6 worms
  2 dart slugs (D:3)
  9 leopard geckos
  116 orcs
  2 ball pythons
  14 bats
  A bat zombie (Crypt:3)
  7 giant cockroaches
  17 goblins
  4 hobgoblins
  28 jackals
  11 kobolds
  9 quokkas
  9 frilled lizards
  A hobgoblin zombie (Crypt:2)
  A jackal skeleton (D:4)
  2 jackal zombies (D:5)
  A leopard gecko skeleton (D:7)
  A leopard gecko zombie (D:7)
  An orc zombie (Crypt:2)
  A quokka zombie (D:6)
  11 rats
  2 bushes (Shoals:1)
  3 fungi
  89 plants
2149 creatures vanquished.

Vanquished Creatures (others)
  A deep elf master archer (Elf:3)
  A vault warden (Vaults:5)
  An ironheart preserver (Vaults:2)
  A stone giant (Vaults:4)
  A deep elf annihilator (Elf:3)
  A yaktaur captain (Vaults:4)
  A vault guard (Vaults:3)
  A deep elf knight (Vaults:5)
  2 deep elf archers (Elf:2)
  3 harpies
  A deep elf mage (Vaults:5)
  A faun (Shoals:1)
  A merfolk siren (Shoals:1)
  3 yaktaurs
  A jumping spider (Spider:1)
  A hippogriff (Lair:6)
  A tarantella (Spider:2)
  A water elemental (Shoals:2)
  A centaur (Shoals:3)
  3 bushes (Shoals:1)
  6 plants
33 creatures vanquished.

Grand Total: 2182 creatures vanquished

Notes
Turn   | Place    | Note
-------+----------+-------------------------------------------
     0 | D:1      | Peloso the Minotaur Fighter began the quest for the Orb.
     0 | D:1      | Reached XP level 1. HP: 19/19 MP: 0/0
   122 | D:1      | Reached XP level 2. HP: 18/27 MP: 1/1
   292 | D:1      | Reached skill level 4 in Shields
   421 | D:1      | Reached XP level 3. HP: 33/33 MP: 2/2
  1103 | D:2      | Noticed Robin
  1300 | D:1      | Reached XP level 4. HP: 31/40 MP: 3/3
  1376 | D:2      | Killed Robin
  1627 | D:2      | Found a burning altar of Makhleb.
  1941 | D:3      | Reached XP level 5. HP: 31/47 MP: 4/4
  1986 | D:3      | Reached skill level 5 in Shields
  1987 | D:3      | Noticed Grinder
  1998 | D:3      | Reached skill level 1 in Dodging
  2016 | D:3      | Killed Grinder
  2016 | D:3      | Reached skill level 5 in Long Blades
  2016 | D:3      | Reached XP level 6. HP: 32/53 MP: 5/5
  2436 | D:3      | Found a runed translucent door.
  2437 | D:3      | Noticed Crazy Yiuf
  2598 | D:3      | Killed Crazy Yiuf
  2808 | D:4      | Reached skill level 6 in Shields
  2811 | D:4      | Reached XP level 7. HP: 59/60 MP: 6/6
  2823 | D:4      | Reached skill level 5 in Armour
  2837 | D:4      | Found a blossoming altar of Fedhas.
  2943 | D:4      | Reached skill level 5 in Fighting
  3422 | D:5      | Entered Level 5 of the Dungeon
  3487 | D:5      | Reached XP level 8. HP: 43/68 MP: 7/7
  3552 | D:5      | Found an iron altar of Okawaru.
  3588 | D:5      | Became a worshipper of Warmaster Okawaru
  3722 | D:5      | Reached skill level 1 in Stealth
  3851 | D:5      | Reached skill level 7 in Shields
  4207 | D:5      | Found a shimmering blue altar of Sif Muna.
  4465 | D:6      | Reached * piety under Okawaru
  4514 | D:6      | Noticed kandel6's ghost (amateur DgWn)
  4525 | D:6      | Found a transporter.
  4547 | D:6      | Found a transporter.
  4574 | D:6      | Reached skill level 8 in Shields
  4600 | D:6      | Reached XP level 9. HP: 56/74 MP: 8/8
  4789 | D:6      | Found the +7 Singing Sword {slice, sonic wave}
  4945 | D:6      | Noticed a manticore
  4949 | D:6      | Killed a manticore
  4949 | D:6      | Reached ** piety under Okawaru
  4961 | D:6      | Reached skill level 9 in Shields
  5289 | D:6      | Found Vuleg's Antique Weapon Boutique.
  5315 | D:6      | Bought a polished scimitar for 252 gold pieces
  5317 | D:6      | Identified the +4 scimitar of the Desert {flame, *Rage
                  | rElec Int+5} (You bought it in a shop on level 6 of the
                  | Dungeon)
  5494 | D:7      | Reached skill level 10 in Long Blades
  5626 | D:7      | Found a staircase to the Ecumenical Temple.
  5661 | D:7      | Reached XP level 10. HP: 81/83 MP: 9/9
  5708 | D:7      | Reached *** piety under Okawaru
  5748 | D:7      | Reached skill level 10 in Shields
  5772 | D:7      | Found a glowing golden altar of the Shining One.
  6025 | D:7      | Identified the ring "Itirphying" {Wiz *Drain rF+ Stlth+}
  6325 | D:8      | Found a sparkling altar of Nemelex Xobeh.
  6476 | D:8      | Reached **** piety under Okawaru
  6507 | D:8      | Noticed a three-headed hydra
  6513 | D:8      | Killed a one-headed hydra
  6513 | D:8      | Reached ***** piety under Okawaru
  6712 | D:8      | Found a shimmering blue altar of Sif Muna.
  6965 | D:9      | Found a staircase to the Lair.
  7049 | D:9      | Noticed Maurice
  7062 | D:9      | Killed Maurice
  7062 | D:9      | Reached XP level 11. HP: 80/92 MP: 10/10
  7086 | D:9      | Found a shimmering altar of Xom.
  7095 | D:9      | Reached skill level 11 in Shields
  7121 | D:9      | Found a shattered altar of Ashenzari.
  7121 | D:9      | Found an ornate altar of the Wu Jian Council.
  7199 | D:9      | Found a staircase to the Orcish Mines.
  7216 | D:9      | Noticed a two-headed ogre
  7218 | D:9      | Found Alidiluf's Armour Emporium.
  7224 | D:9      | Killed a two-headed ogre
  7224 | D:9      | Received a gift from Okawaru
  7224 | D:9      | Reached skill level 10 in Armour
  7660 | D:10     | Entered Level 10 of the Dungeon
  7733 | D:10     | Noticed a purple ugly thing
  7738 | D:10     | Killed a purple ugly thing
  7757 | D:10     | Noticed a tengu warrior
  7765 | D:10     | Killed a tengu warrior
  7794 | D:10     | Noticed a death knight
  7805 | D:10     | Killed a death knight
  8009 | D:10     | Found a burning altar of Makhleb.
  8029 | D:10     | Noticed an unseen horror
  8034 | D:10     | Killed an unseen horror
  8062 | D:10     | Noticed a two-headed ogre
  8068 | D:10     | Killed a two-headed ogre
  8203 | D:10     | Got an ancient great mace
  8573 | D:6      | Killed kandel6's ghost
  8704 | D:11     | Reached skill level 12 in Shields
  8756 | D:11     | Noticed a seven-headed hydra
  8763 | D:11     | Killed a three-headed hydra
  8763 | D:11     | Received a gift from Okawaru
  8763 | D:11     | Reached XP level 12. HP: 103/103 MP: 11/11
  8776 | D:11     | Got a spiked hat {god gift}
  8787 | D:11     | Identified the +0 hat of the Marlin {rN+ Str+4} (Okawaru
                  | gifted it to you on level 11 of the Dungeon)
  8852 | D:11     | Found a blossoming altar of Fedhas.
  8852 | D:11     | Noticed a frost giant
  8852 | D:11     | Noticed a stone giant
  9201 | Lair:1   | Entered Level 1 of the Lair of Beasts
  9688 | Lair:1   | Reached ****** piety under Okawaru
 10147 | Lair:1   | Identified the +5 great mace "Becufuq" {crush, rN+ Int-2
                  | Dex+2} (You found it on level 10 of the Dungeon)
 10467 | Lair:2   | Found a staircase to the Shoals.
 11174 | Lair:3   | Reached skill level 15 in Long Blades
 11424 | Lair:3   | Reached skill level 10 in Fighting
 11429 | Lair:3   | Reached skill level 13 in Shields
 11434 | Lair:3   | Received a gift from Okawaru
 11995 | Lair:4   | Noticed a six-headed hydra
 12005 | Lair:4   | Killed a one-headed hydra
 12152 | Lair:4   | Found a hole to the Spider Nest.
 12178 | Lair:4   | Noticed a seven-headed hydra
 12188 | Lair:4   | Killed a three-headed hydra
 12878 | Lair:4   | Reached XP level 13. HP: 96/113 MP: 9/12
 13465 | Lair:5   | Found a viscous altar of Jiyva.
 13466 | Lair:5   | Found a staircase to the Slime Pits.
 13908 | Lair:6   | Entered Level 6 of the Lair of Beasts
 13969 | Lair:6   | Received a gift from Okawaru
 14537 | Lair:6   | Reached skill level 14 in Shields
 15389 | Lair:6   | Noticed a fire dragon
 15400 | Lair:6   | Killed a fire dragon
 16149 | D:11     | Killed a stone giant
 16149 | D:11     | Received a gift from Okawaru
 16362 | D:11     | Killed a frost giant
 16371 | D:11     | Found a basalt altar of Yredelemnul.
 16717 | D:12     | Reached skill level 5 in Dodging
 16751 | D:12     | Reached skill level 15 in Shields
 16751 | D:12     | Reached XP level 14. HP: 85/124 MP: 11/13
 16896 | D:12     | Got a pair of encrusted boots
 16902 | D:12     | Identified the +3 pair of boots "Manim" {Str+4} (You found
                  | it on level 12 of the Dungeon)
 17516 | D:13     | Received a gift from Okawaru
 17520 | D:13     | Found a shattered altar of Ashenzari.
 17620 | D:13     | Found Valutoal's Book Boutique.
 18096 | D:13     | Got a translucent plate armour
 18107 | D:13     | Identified the +4 plate armour "Ovuuty" {-Tele rPois Int+8}
                  | (You found it on level 13 of the Dungeon)
 18254 | D:14     | Noticed Frances
 18261 | D:14     | Killed Frances
 18286 | D:14     | Found the +3 sling "Punk" {acid, rCorr}
 18376 | D:14     | Identified a scroll of acquirement
 18529 | D:14     | Reached skill level 16 in Shields
 18534 | D:14     | Noticed Agnes
 18537 | D:14     | Cast into level 2 of the Abyss (Agnes)
 18588 | Abyss:2  | Reached skill level 1 in Invocations
 18590 | Abyss:2  | Paralysed by a great orb of eyes for 2 turns
 18677 | Abyss:2  | Noticed a tentacled starspawn
 18700 | D:14     | Escaped the Abyss
 18708 | D:14     | Killed Agnes
 18735 | D:14     | Got a steaming dagger
 19058 | D:14     | Received a gift from Okawaru
 19275 | D:14     | Reached XP level 15. HP: 134/134 MP: 14/14
 19291 | D:14     | Found a gate to the Vaults.
 19431 | Orc:1    | Entered Level 1 of the Orcish Mines
 19916 | Orc:2    | Entered Level 2 of the Orcish Mines
 19968 | Orc:2    | Reached skill level 17 in Shields
 19968 | Orc:2    | Received a gift from Okawaru
 20031 | Orc:2    | Found Rida's Antique Weapon Boutique.
 20031 | Orc:2    | Found Gipif's Weapon Shoppe.
 20032 | Orc:2    | Found Nubimyabu's Gadget Shoppe.
 20032 | Orc:2    | Found Zedam's Distillery.
 20041 | Orc:2    | Bought a potion of berserk rage for 70 gold pieces
 20041 | Orc:2    | Bought a potion of might for 56 gold pieces
 20041 | Orc:2    | Bought a potion of might for 56 gold pieces
 20068 | Orc:2    | Found a staircase to the Elven Halls.
 20257 | Orc:2    | Found an iron altar of Okawaru.
 20612 | D:15     | Entered Level 15 of the Dungeon
 20713 | D:15     | Found a flickering gateway to a bazaar.
 20723 | Bazaar   | Entered a bazaar
 20723 | Bazaar   | Found Xompomis's Antique Weapon Emporium.
 20723 | Bazaar   | Found Ukil's Antique Weapon Shop.
 20723 | Bazaar   | Found Pefoux's Gadget Shoppe.
 20723 | Bazaar   | Found Ficre Porghi's Gadget Shop.
 20725 | Bazaar   | Found Dionk's Weapon Shoppe.
 20725 | Bazaar   | Found Hiom's Magic Scroll Boutique.
 20742 | Bazaar   | Bought a scroll of magic mapping for 45 gold pieces
 20742 | Bazaar   | Bought a scroll of blinking for 97 gold pieces
 20766 | Bazaar   | Bought a scroll of brand weapon for 260 gold pieces
 20766 | Bazaar   | Bought a scroll of blinking for 97 gold pieces
 20798 | D:15     | Got an ichor-stained mace
 20924 | D:15     | Found a shadowy altar of Dithmenos.
 20985 | D:15     | Found a shadowy altar of Dithmenos.
 21027 | D:15     | Received a gift from Okawaru
 21103 | D:15     | Found a staircase to the Depths.
 21919 | Lair:1   | Identified the +5 dagger of Jidemiri {pierce, rElec rPois
                  | MP+9} (You found it on level 14 of the Dungeon)
 21922 | Lair:1   | Identified the +7 mace "Orot" {crush, rElec rN+ MR- Int+7}
                  | (You found it on level 15 of the Dungeon)
 22190 | Spider:1 | Entered Level 1 of the Spider Nest
 22326 | Spider:1 | Reached skill level 15 in Armour
 22464 | Spider:1 | Received a gift from Okawaru
 22804 | Spider:1 | Reached skill level 18 in Shields
 23004 | Spider:2 | Reached XP level 16. HP: 134/147 MP: 14/16
 23074 | Spider:2 | Found the +3 warlock's mirror {reflect}
 23313 | Spider:2 | Reached skill level 15 in Fighting
 23339 | Spider:2 | Received a gift from Okawaru
 25100 | Spider:4 | Entered Level 4 of the Spider Nest
 25430 | Spider:4 | Reached skill level 19 in Shields
 25618 | Spider:4 | Received a gift from Okawaru
 26492 | Spider:4 | Reached XP level 17. HP: 89/158 MP: 0/17
 27162 | Spider:4 | Got a gossamer rune of Zot
 27735 | Shoals:1 | Entered Level 1 of the Shoals
 28043 | Shoals:1 | Noticed Nikola
 28072 | Shoals:1 | Killed Nikola
 28081 | Shoals:1 | Received a gift from Okawaru
 28994 | Shoals:1 | Found Meyred Woco's Assorted Antiques.
 29007 | Shoals:1 | Bought a scintillating bone ring for 155 gold pieces
 29007 | Shoals:1 | Bought a scroll of magic mapping for 108 gold pieces
 29007 | Shoals:1 | Bought a scroll of magic mapping for 108 gold pieces
 29010 | Shoals:1 | Identified the ring "Anlaved" {Ice Str+4} (You bought it in
                  | a shop on level 1 of the Shoals)
 30017 | Shoals:3 | Noticed Aizul
 30029 | Shoals:3 | Killed Aizul
 30092 | Shoals:3 | Noticed Mara
 30114 | Shoals:3 | Killed Mara
 30114 | Shoals:3 | Received a gift from Okawaru
 30114 | Shoals:3 | Reached skill level 20 in Shields
 30775 | Shoals:3 | Noticed Bai Suzhen
 30789 | Shoals:3 | Killed Bai Suzhen
 30789 | Shoals:3 | Reached XP level 18. HP: 151/170 MP: 14/18
 31469 | Shoals:4 | Entered Level 4 of the Shoals
 31630 | Shoals:4 | Received a gift from Okawaru
 32102 | Shoals:4 | Identified the +4 plate armour of Loss {rF- rC++ Dex+3}
 32164 | Shoals:4 | Noticed Ilsuiw
 32172 | Shoals:4 | Killed Ilsuiw
 32345 | Shoals:4 | Reached skill level 21 in Shields
 32596 | Shoals:4 | Got a barnacled rune of Zot
 33392 | Elf:1    | Entered Level 1 of the Elven Halls
 33549 | Elf:1    | Noticed Azrael
 33559 | Elf:1    | Killed Azrael
 34198 | Elf:2    | Received a gift from Okawaru
 34233 | Elf:2    | Reached XP level 19. HP: 48/179 MP: 10/20
 35277 | Elf:2    | Found a radiant altar of Vehumet.
 35432 | Elf:2    | Found a runed translucent gate.
 35432 | Elf:2    | Found a runed translucent gate.
 35432 | Elf:2    | Found a runed translucent gate.
 35757 | Spider:3 | Got a shimmering glass ring
 35765 | Spider:3 | Identified the ring of Pito {Wiz rElec Str+9 Dex-2 Stlth+}
                  | (You found it on level 3 of the Spider Nest)
 35990 | Elf:3    | Entered Level 3 of the Elven Halls
 36068 | Elf:3    | Noticed a Tzitzimitl
 36071 | Elf:3    | Noticed a Brimstone Fiend
 36490 | Elf:3    | Noticed a Brimstone Fiend
 36500 | Elf:3    | Identified the +8 flail of the Past {crush, +Inv rC+ Str-3
                  | Dex+4}
 36635 | Elf:3    | Received a gift from Okawaru
 37129 | Elf:3    | Identified the +6 great sword of Triumph {slice, Str+6}
 37436 | Elf:3    | Identified the +10 falchion of Jepitan {holy, Int+4 SInv}
 37711 | Elf:3    | Reached skill level 1 in Evocations
 37915 | Elf:3    | Identified the +6 rapier "Pendulum" {pierce, -Tele rPois
                  | Stlth+}
 38137 | Elf:3    | Noticed a Tzitzimitl
 38139 | Elf:3    | Noticed a Tzitzimitl
 38309 | Elf:3    | Identified the ring "Qeerreph" {Int+2 Dex+4}
 38330 | Elf:3    | Reached skill level 22 in Shields
 39000 | Elf:3    | Found the +7 sceptre of Torment {pain, torment}
 39052 | Elf:3    | Identified the Volume of the Traveller and Aid
 39062 | Elf:3    | Identified the Grimoire of Enhancements and the Rocks
 39134 | Elf:3    | Got a pair of scorched gloves
 39145 | Elf:3    | Identified the +2 pair of gloves of Yredelemnul's Hatred
                  | {+Fly rC+ rN+} (You found it on level 3 of the Elven Halls)
 39845 | Elf:2    | Noticed Louise
 39859 | Elf:2    | Received a gift from Okawaru
 39868 | Elf:2    | Killed Louise
 39890 | Elf:2    | Reached XP level 20. HP: 104/191 MP: 14/21
 40603 | Vaults:1 | Entered Level 1 of the Vaults
 41329 | Vaults:1 | Got a smoking steel ring
 41331 | Vaults:1 | Identified the ring "Jeopu" {+Fly rElec MR+ Int+5} (You
                  | found it on level 1 of the Vaults)
 41929 | Vaults:1 | Received a gift from Okawaru
 41937 | Vaults:1 | Got a spiked hat {god gift}
 42210 | Vaults:1 | Identified the +2 hat of Creativity {rPois} (Okawaru gifted
                  | it to you on level 1 of the Vaults)
 42591 | Vaults:2 | Reached skill level 23 in Shields
 42614 | Vaults:2 | Found a flickering gateway to a bazaar.
 42638 | Bazaar   | Entered a bazaar
 42652 | Bazaar   | Found Xeisud's Antique Weapon Emporium.
 42652 | Bazaar   | Found Rugruge's Jewellery Shoppe.
 42676 | Bazaar   | Found Bumanlig's Armour Shoppe.
 42696 | Bazaar   | Found Laewitruipp's Weapon Shoppe.
 42715 | Bazaar   | Found Roamump's Book Emporium.
 42715 | Bazaar   | Found Hiurgh's Jewellery Shoppe.
 42762 | Bazaar   | Bought the ring of Propriety {+Fly rPois rC+} for 357 gold
                  | pieces
 42966 | Vaults:2 | Found Soevaklurof's Distillery.
 42972 | Vaults:2 | Bought a potion of might for 52 gold pieces
 42972 | Vaults:2 | Bought a potion of resistance for 130 gold pieces
 42972 | Vaults:2 | Bought a potion of heal wounds for 65 gold pieces
 42972 | Vaults:2 | Bought a potion of berserk rage for 65 gold pieces
 43071 | Vaults:2 | Found Nynluimi's General Store.
 43145 | Vaults:2 | Found Dofept's Magic Scroll Shop.
 43307 | Vaults:2 | Found a runed translucent door.
 43311 | Vaults:2 | Noticed mys's ghost (master CeGl)
 43763 | Vaults:2 | Reached XP level 21. HP: 180/202 MP: 20/22
 43781 | Vaults:2 | Received a gift from Okawaru
 43796 | Vaults:2 | Got a dazzling hat {god gift}
 43807 | Vaults:2 | Identified the +2 hat "Jaged" {rC- rCorr SInv} (Okawaru
                  | gifted it to you on level 2 of the Vaults)
 45515 | Vaults:3 | Found a staircase to the Crypt.
 45515 | Vaults:3 | Found an ancient bone altar of Kikubaaqudgha.
 45516 | Vaults:3 | Found a basalt altar of Yredelemnul.
 46356 | Vaults:3 | Received a gift from Okawaru
 46864 | Vaults:4 | Reached skill level 24 in Shields
 46931 | Vaults:4 | Received a gift from Okawaru
 47416 | Vaults:4 | Reached XP level 22. HP: 197/214 MP: 21/23
 47881 | Vaults:4 | Received a gift from Okawaru
 47943 | Vaults:4 | Identified the +6 leather armour "Xoridgh" {rElec rPois
                  | Dex-5 Stlth+}
 48254 | Vaults:5 | Entered Level 5 of the Vaults
 48267 | Vaults:5 | Received a gift from Okawaru
 48858 | Vaults:5 | Noticed a golden dragon
 49097 | Vaults:5 | Reached skill level 25 in Shields
 49101 | Vaults:5 | Killed a golden dragon
 49413 | Vaults:5 | Received a gift from Okawaru
 49443 | Vaults:5 | Got a warped cloak {god gift}
 49531 | Vaults:5 | Identified the +1 cloak "Wuvog" {Str+3 Dex+3} (Okawaru
                  | gifted it to you on level 5 of the Vaults)
 49535 | Vaults:5 | Got a twisted flail
 49552 | Vaults:5 | Got a translucent brass ring
 49554 | Vaults:5 | Got a coiled turquoise ring
 49640 | Vaults:5 | Noticed a golden dragon
 49647 | Vaults:5 | Killed a golden dragon
 49976 | Vaults:5 | Identified the +9 flail "Hual" {freeze, Stlth+} (You found
                  | it on level 5 of the Vaults)
 49982 | Vaults:5 | Identified the ring of the Will of the Gods {Ice rN+++
                  | Str-3} (You found it on level 5 of the Vaults)
 49984 | Vaults:5 | Identified the ring of Siose {rCorr Str+2} (You found it on
                  | level 5 of the Vaults)
 50007 | Vaults:5 | Reached XP level 23. HP: 209/224 MP: 21/24
 50074 | Vaults:5 | Got a silver rune of Zot
 50987 | Vaults:5 | Identified the cursed +0 halberd of Hacking and Slashing
                  | {drain, MR+ Stlth+}
 52053 | Crypt:1  | Entered Level 1 of the Crypt
 53071 | Crypt:1  | Paralysed by a vampire knight for 4 turns
 53076 | Crypt:1  | Received a gift from Okawaru
 53087 | Crypt:1  | HP: 3/225 [death knight/+0 battleaxe (17)]
 54644 | Crypt:2  | Received a gift from Okawaru
 54763 | Crypt:2  | Reached skill level 26 in Shields
 55480 | Crypt:2  | Got an encrusted scythe
 55594 | Crypt:2  | Found an ancient bone altar of Kikubaaqudgha.
 55666 | Crypt:3  | Entered Level 3 of the Crypt
 55734 | Crypt:3  | Found an ancient bone altar of Kikubaaqudgha.
 55812 | Crypt:3  | Received a gift from Okawaru
 55850 | Crypt:3  | Noticed a curse toe
 55860 | Crypt:3  | HP: 8/227 [ancient champion/+1 great sword of pain (12)]
 55869 | Crypt:3  | Killed a curse toe
 55879 | Crypt:3  | Slain by a stone giant skeleton

Levels and vault maps discovered:
D:1:      minmay_arrival_stone_box, layout_basic
D:2:      layout_rooms, marbit_many_paths, serial_park_tiny_pond, uniq_robin
D:3:      layout_basic, uniq_crazy_yiuf_cottage, uniq_grinder
D:4:      layout_basic, lemuel_crystal_altar, first_ration
D:5:      layout_basic, lemuel_round_altar, tgw_sif
D:6:      old_forge, layout_basic, serial_shops, shop,
          gammafunk_ghost_stat_death, minmay_joined_circles
D:7:      layout_loops_ring, tso_oasis_becter, minmay_temple_entry_from_below_b
D:8:      layout_loops_ring, lemuel_round_altar, overflow_temple_1_default,
          hangedman_ranch [blue_anna_fruit_fields]
D:9:      layout_small_grid, xom_teletrap_fun, minitemple, lair_entry_dummy,
          orc_david_3, uniq_maurice
D:10:     minmay_cut_squares, layout_basic, bloody_makhleb
D:11:     layout_cave_pools, jmf_multi_god_temple
D:12:     layout_big_octagon, serial_bayou_ford_a
D:13:     layout_irregular_city, serial_shops, nicolae_shop_crystal,
          chequers_jeans, nicolae_ashenzari_panopticon
D:14:     layout_basic, grunt_vaults_entry_tiered,
          hangedman_decor_clover_reticule, grunt_decor_clamped, drop_trap,
          kennysheep_generic_room_6, uniq_frances, uniq_agnes
D:15:     grunt_enter_depths_hoard, layout_basic, serial_shops,
          bzr_entry_lakeside, serial_co_window_serial, co_window_corner_a,
          co_window_of_opportunity_a, co_window_paths_a, co_window_paths_b,
          co_window_of_opportunity_a, co_window_corner_b, co_window_corner_cb,
          co_window_broadway_c, glass_columns_a, basic_altar,
          grunt_dithmenos_shadows, hex_medium
Lair:1:   layout_small_grid, chequers_serial_rivers_room_b, st_stairs_11,
          lemuel_fruit_tree
Lair:2:   layout_small_grid, elwin_shoals_entry_rocks, beast_lair_carwin_5,
          lemuel_fruit_fields, minmay_lair_oklob_chamber,
          infiniplex_staircase_pool_2
Lair:3:   layout_cave_pods
Lair:4:   wander_river, layout_cave_pods, spider_nest_entry_webs
Lair:5:   layout_regular_city, slime_altar_1, lemuel_fruit_fields
Lair:6:   guppyfry_lair_end_dragon, layout_cave_pods, st_stairs_7
Shoals:1: layout_shoals, serial_shops, shop, yaktaur_hedge, uniq_nikola
Shoals:2: layout_shoals
Shoals:3: layout_shoals, hangedman_shoals_cup_caves, uniq_mara, uniq_bai_suzhen,
          uniq_aizul
Shoals:4: shoals_end_simple, layout_shoals, shoals_ilsuiw_alternative
Spider:1: layout_spider_delve, hangedman_spider_tarantella_strand
Spider:2: layout_chambers, nicolae_spider_nook
Spider:3: layout_spider_delve, spiders_nest_hornet_nest
Spider:4: grunt_spider_rune_circles
Orc:1:    layout_caves
Orc:2:    st_orc_ogre_mass, layout_caves, okawaru_metal_pillars_3
Elf:1:    eino_elf_arrival_sip, layout_loops_ring, hangedman_corner_corridor,
          uniq_azrael
Elf:2:    layout_onion_city, basic_altar, uniq_louise
Elf:3:    grunt_elf_hall_diamonds, layout_loops_corners, drop_trap
Vaults:1: v_rooms_6, nicolae_vaults_diagonal_hallway_8, st_cross, v_rooms_4,
          nicolae_vaults_three_branches, layout_vaults_omnigrid
Vaults:2: ebering_vaults_ghost_inner_flame, nicolae_vaults_ninety_degrees,
          v_pattern_2, vaults_mumra_minichess_inversion,
          nicolae_vaults_little_squares_6, vaults_mumra_hex,
          nicolae_vaults_shelves_hall, layout_vaults_chaotic_city, serial_shops,
          bzr_entry_water, shop, nicolae_shop_trees, nicolae_shop_statue_plus
Vaults:3: nicolae_vaults_theta, v_rooms_5, minmay_crypt_entry_necro_gods,
          hangedman_vaults_restitches, ontoclasm_vaults_hangar,
          hangedman_vaults_hat, grunt_vaults_diagonal,
          nicolae_vaults_know_your_exits, v_misc_28, v_misc_25,
          nicolae_vaults_asterisk, hangedman_vaults_corner_blocks,
          ontoclasm_vaults_decontamination, layout_vaults_omnicross
Vaults:4: v_misc_10, nicolae_vaults_back_hallway, nicolae_vaults_minivaults,
          vaults_dpeg_cross, hangedman_vaults_slice, v_misc_11, v_alt_pattern_1,
          v_misc_32, ontoclasm_vaults_tryst, hangedman_vaults_stream,
          layout_vaults_maze_bifur
Vaults:5
Crypt:1:  layout_chaotic_city, evilmike_ambush [evilmike_ambush_outer_corners,
          evilmike_ambush_inner_basic]
Crypt:2:  layout_rooms, lemuel_mausoleum_altar_kikubaaqudgha, grunt_megastairs_2
Crypt:3:  david_glass_crypt, layout_basic, tomb_entry_simple_bobbens,
          basic_altar, minmay_misc_feat_hallway, uniq_boris

Skill      XL: |  1  2  3  4  5  6  7  8  9 10 11 12 13 14 15 16 17 18 19 20 21 22 23 |
---------------+----------------------------------------------------------------------+-----
Armour         | 4 5 7 8 9 10 12 13 14 15 17 18 19 20 21 | 21.1
Shields        | 4 5 6 8 9 10 12 13 15 16 18 19 20 21 22 23 24 25 26 | 26.2
Fighting       | 4 5 6 7 8 10 11 12 14 15 17 18 19 20 21 22 23 | 23.2
Long Blades    | 3 5 7 8 10 12 14 15 16 17 18 19 20 21 22 23 | 23.8
Dodging        | 2 3 4 5 6 7 8 |  8.5
Stealth        | 1 2 3 4 |  4.0
Invocations    | 1 2 |  2.8
Evocations     | 1 2 |  2.1

Action                   |  1- 3 |  4- 6 |  7- 9 | 10-12 | 13-15 | 16-18 | 19-21 | 22-24 || total
-------------------------+-------+-------+-------+-------+-------+-------+-------+-------++-------
Melee: Long sword        |   128 |   147 |   252 |       |       |       |       |       ||   527
       Headbutt          |    15 |    23 |    71 |   103 |   193 |   243 |   240 |   264 ||  1152
       Double sword      |       |       |    56 |   240 |   641 |   871 |   900 |   279 ||  2987
       Scimitar          |       |       |       |   247 |   125 |    53 |       |       ||   425
       Falchion          |       |       |       |       |       |       |       |   399 ||   399
Invok: Heroism           |       |       |     1 |       |     5 |     7 |     1 |       ||    14
       Finesse           |       |       |       |       |       |     1 |       |       ||     1
Evoke: Wand              |       |       |     5 |     2 |       |       |     6 |     1 ||    14
       Phantom mirror    |       |       |       |       |       |       |     1 |       ||     1
  Use: Scroll            |     7 |     1 |       |     8 |    15 |     8 |     4 |     4 ||    47
       Potion            |       |     2 |       |     1 |     3 |    12 |       |     6 ||    24
 Stab: Held in net/web   |       |       |       |       |       |     1 |       |       ||     1
  Eat: Chunk             |       |     6 |    10 |    17 |    23 |    26 |    36 |     7 ||   125
       Ration            |       |       |       |     2 |     3 |     3 |     2 |     6 ||    16
Armor: Scale mail        |    75 |    63 |    77 |       |       |       |       |       ||   215
       Chain mail        |       |       |    24 |    18 |    75 |       |       |       ||   117
       Plate armour      |       |       |       |   128 |   256 |   713 |   425 |   436 ||  1958
Dodge: Dodged            |    45 |    49 |    97 |   116 |   274 |   474 |   316 |   361 ||  1732
Block: Shield            |    73 |   101 |   187 |   309 |   622 |    31 |       |       ||  1323
       Buckler           |       |       |       |       |       |   648 |   540 |   502 ||  1690
       Reflection        |       |       |       |       |       |    66 |    93 |    45 ||   204
       Rpst.: Long sword |    15 |    17 |    24 |       |       |       |       |       ||    56
       Double sword      |       |       |     7 |    13 |    41 |    78 |    65 |    21 ||   225
       Scimitar          |       |       |       |    13 |    10 |     4 |       |       ||    27
       Falchion          |       |       |       |       |       |       |       |    57 ||    57
